 Dungeon Crawl Stone Soup version 0.28-a0-429-g1448048969 (webtiles) character file.

Game seed: 10901399239623037458

52 robertstho the Magician (level 4, 0/31 HPs)
             Began as a Djinni Fire Elementalist on Sept 10, 2021.
             Slain by a water moccasin zombie (6 damage)
             ... on level 3 of the Dungeon.
             The game lasted 00:02:05 (2812 turns).

robertstho the Magician (Djinni Fire Elementalist)  Turns: 2812, Time: 00:02:05

Health: 0/31       AC:  2    Str:  7    XL:     4   Next: 8%
Gold:   102        EV:  9    Int: 18    God:
                   SH:  9    Dex: 13

rFire   + + .      SeeInvis .   d - +0 dagger
rCold   x . .      Faith    .   k - +2 kite shield
rNeg    . . .      Spirit   .   a - +0 robe
rPois   ∞          Reflect  .   (no helmet)
rElec   .          Harm     .   (no cloak)
rCorr   .          Rampage  .   (no gloves)
Will    .....                   (boots unavailable)
Stlth   ++........              (no amulet)
HPRegen 0.10/turn               (no ring)
MPRegen 0.00/turn               (no ring)

@: flying, very slightly contaminated
A: sickness immunity, fire resistance 2, cold vulnerability 1, float, innate
caster, hp casting, extra vitality 1
a: no special abilities


You were on level 3 of the Dungeon.
You visited 1 branch of the dungeon, and saw 3 of its levels.

You collected 102 gold pieces.

Inventory:

Hand Weapons
 d - a +0 dagger (weapon)
Armour
 a - a +0 robe (worn)
 k - a +2 kite shield (worn)
Scrolls
 c - a scroll of teleportation {unknown}
 g - a scroll of amnesia {unknown}
 i - a scroll of enchant armour {unknown}
Potions
 b - a potion of ambrosia {unknown}
 e - a potion of lignification {unknown}
 f - a potion of curing {unknown}
 h - a potion of degeneration {unknown}
 j - a potion of mutation {unknown}


   Skills:
 * Level 0.8 Fighting
 + Level 2.5 Dodging
 + Level 1.7 Stealth
 * Level 3.3 Spellcasting


You couldn't memorise any spells.
You knew the following spells:

 Your Spells              Type           Power      Damage    Failure   Level
a - Foxfire               Conj/Fire      56%        2x1d6     28%         1
b - Scorch                Fire           28%        2d6       41%         2
c - Conjure Flame         Conj/Fire      14%        6-21      65%         3
d - Inner Flame           Hex/Fire       14%        N/A       65%         3
e - Flame Wave            Conj/Fire      14%        3d5       96%         4
f - Summon Small Mammal   Summ           56%        N/A       28%         1
Your spell library was empty.

Dungeon Overview and Level Annotations

Branches:
Dungeon (3/15)

Altars:


Innate Abilities, Weirdness & Mutations

You are immune to sickness and miasma.
You are immune to poison.
Your flesh is very heat resistant. (rF++)
You are vulnerable to cold. (rC-)
You float through the air rather than walking.
You learn spells naturally, not from books.
Your magical power is your life essence.
You have superior vitality. (+4 HP)


Message History

Press: ? - help, Q - select action, (/) - cycle Dir - look around, f - activate You miscast Foxfire.
Nothing appears to happen.
Unknown command.
Casting: Foxfire (safe; 28% risk of failure)
Press: ? - help, Q - select action, (/) - cycle Dir - look around, f - activate You miscast Foxfire.
Nothing appears to happen.
The water moccasin zombie bites you.
Unknown command.
Casting: Foxfire (safe; 28% risk of failure)
Press: ? - help, Q - select action, (/) - cycle Dir - look around, f - activate You conjure some foxfire!
The water moccasin zombie bites you but does no damage.
Unknown command.
Casting: Foxfire (safe; 28% risk of failure)
Press: ? - help, Q - select action, (/) - cycle Dir - look around, f - activate You conjure some foxfire!
The foxfire hits the water moccasin zombie.
The water moccasin zombie is lightly damaged.
The water moccasin zombie bites you!
The foxfire hits the water moccasin zombie.
The water moccasin zombie is lightly damaged.
The foxfire hits the water moccasin zombie.
The water moccasin zombie is moderately damaged.
You block the water moccasin zombie's attack.
Casting: Foxfire (safe; 28% risk of failure)
Press: ? - help, Q - select action, (/) - cycle Dir - look around, f - activate You conjure some foxfire!
The water moccasin zombie bites you.
* * * LOW HITPOINT WARNING * * *
Unknown command.
Casting: Foxfire (safe; 28% risk of failure)
Press: ? - help, Q - select action, (/) - cycle Dir - look around, f - activate You miscast Foxfire.
Nothing appears to happen.
* * * LOW HITPOINT WARNING * * *
The foxfire hits the water moccasin zombie.
The water moccasin zombie is moderately damaged.
The foxfire hits the water moccasin zombie.
The water moccasin zombie is heavily damaged.
The water moccasin zombie bites you.
You die...

#.##.#....#.#...#...#
#....#....#.#.#####.#
####.#....#.#...#...#
#....###'##.###.#..##
#.#................#
#.......######...###
#.##.##.# ##.....##
#.#...#Z# #.......## #
#.#....@###.........####
#.....§...+.........'...
#.##....###.........####
#.......# ##....>..##...
####.#### ##.....###.##
#.# ##...## #.## #.#
##+# #.#. #.# #.# #.#.
#.# #.# #.#.


You could see a water moccasin zombie.

Vanquished Creatures
  Jessica (D:3)
  A worm (D:3)
  2 bats
  3 endoplasms
  A giant cockroach (D:1)
  2 goblins
  A hobgoblin (D:1)
  2 quokkas (D:2)
  5 ball pythons
  3 frilled lizards
  4 kobolds
25 creatures vanquished.

Vanquished Creatures (others)
  131 foxfires
131 creatures vanquished.

Grand Total: 156 creatures vanquished

Notes
Turn   | Place    | Note
-------+----------+-------------------------------------------
     0 | D:1      | robertstho the Djinni Fire Elementalist began the quest for
                  | the Orb.
     0 | D:1      | Reached XP level 1. HP: 15/15 MP: 0/0
   711 | D:1      | Reached XP level 2. HP: 20/21 MP: 0/0
  1757 | D:2      | Reached XP level 3. HP: 21/26 MP: 0/0
  1757 | D:2      | Learned a level 1 spell: Summon Small Mammal
  2214 | D:3      | Noticed Jessica
  2220 | D:3      | Killed Jessica
  2221 | D:3      | Reached skill level 3 in Spellcasting
  2437 | D:3      | Reached XP level 4. HP: 24/31 MP: 0/0
  2812 | D:3      | Slain by a water moccasin zombie

Illustrated notes

Levels and vault maps discovered:
D:1:      roderic_crossed_star, layout_basic
D:2:      layout_basic
D:3:      layout_loops_corners, nrook_mini_vaults, minivault_24, uniq_jessica

Skill      XL: |  1  2  3 |
---------------+----------+-----
Spellcasting   | 3 |  3.3
Fighting       | |  0.8
Dodging        | |  2.5
Stealth        | |  1.7

Action                   |  1- 3 |  4- 6 || total
-------------------------+-------+-------++-------
 Cast: Foxfire           |    63 |    11 ||    74
Armor: Robe              |       |     1 ||     1
Dodge: Dodged            |     9 |     1 ||    10
Block: Kite shield       |       |     1 ||     1

Table legend: (Time is in decaauts)
 A = Elapsed time spent in this place.
 B = Non-inter-level travel time spent in this place.
 C = Inter-level travel time spent in this place.
 D = Time resting spent in this place.
 E = Time spent auto-exploring this place.
 F = Levels seen in this place.
 G = Mean time per level.
                   A        B        C        D        E       F      G
               +--------+--------+--------+--------+--------+-----+--------+
         Total |   2811 |   2745 |     66 |      0 |   2551 |   3 |  937.0 |
       Dungeon |   2811 |   2745 |     66 |      0 |   2551 |   3 |  937.0 |
               +--------+--------+--------+--------+--------+-----+--------+

Top non-repeatable levels by time:
     D:1: 1307 daAuts
     D:2: 830 daAuts
     D:3: 673 daAuts
